 Dungeon Crawl Stone Soup version 0.31-a0-175-g9f7f995f2b (webtiles) character file.

Game seed: 16414105799035258210

287 qw the Shooter (level 6, 0/57 HPs)
             Began as a Naga Hunter on June 16, 2023.
             Was an Initiate of Okawaru.
             Succumbed to Eustachio's poison
             ... on level 4 of the Dungeon.
             The game lasted 00:01:05 (2831 turns).

qw the Shooter (Naga Hunter)                        Turns: 2831, Time: 00:01:06

Health: 0/57       AC:  6    Str: 13    XL:     6   Next: 30%
Magic:  6/6        EV:  9    Int: 10    God:    Okawaru [......]
Gold:   178        SH:  0    Dex: 16    Spells: 5/5 levels left

rFire   . . .        Y - +0 shortbow
rCold   . . .        (shield currently unavailable)
rNeg    . . .        c - +0 leather armour
rPois   +            (no helmet)
rElec   .            b - +1 cloak
rCorr   .            e - +0 pair of gloves
SInv    +            (no barding)
Will    .....        (no amulet)
Stlth   ++           (no ring)
HPRegen 0.29/turn    (no ring)
MPRegen 0.10/turn

%: no passive effects
@: lethally poisoned (0 -> -11), short of breath, very slow
A: AC +2, large, see invisible, deformed body, poison resistance, slowness 2,
spit poison 1, naga tail 1
a: Spit Poison, Renounce Religion


You were on level 4 of the Dungeon.
You worshipped Okawaru.
Okawaru was noncommittal.
You visited 1 branch of the dungeon, and saw 4 of its levels.

You collected 212 gold pieces.
You spent 34 gold pieces at shops.


Innate Abilities, Weirdness & Mutations

Your serpentine skin is tough. (AC +2)
You have supernaturally acute eyesight. (SInv)
Armour fits poorly on your strangely shaped body.
Your system is resistant to poisons. (rPois)
You cover ground very slowly.
You can spit poison.
You have a snake-like lower body.


   Skills:
 + Level 3.8 Fighting
 - Level 6.0 Ranged Weapons
 - Level 1.5 Dodging
 - Level 1.5 Stealth


You had 5 spell levels left.
You didn't know any spells.
Your spell library was empty.

Inventory:

Hand Weapons
 Y - a +0 shortbow (weapon)
Armour
 b - a +1 cloak (worn)
 c - a +0 leather armour (worn)
 e - a +0 pair of gloves (worn)
 k - a +3 leather armour
Scrolls
 g - a scroll of identify
Potions
 a - 3 potions of curing
 d - a potion of heal wounds {unknown}
 f - a potion of might
 h - a potion of resistance {unknown}
 i - a potion of haste {unknown}
 j - 2 potions of lignification {unknown}

Dungeon Overview and Level Annotations

Branches:
Dungeon (4/15)
 Temple: D:4-7

Altars:
Kikubaaqudgha
Makhleb
Okawaru
Qazlal
Sif Muna
Uskayaw

Shops:
D:2 [?(!*

Annotations:
D:4 Eustachio


Message History

The river rat bites you but does no damage.
You shoot an arrow. The arrow closely misses Eustachio.
The river rat disappears in a puff of smoke!
The quokka barely misses you.
Eustachio mumbles some strange words.
Eustachio blinks!
The river rat bites you.
You shoot an arrow.
The arrow hits the river rat but does no damage.
You have got your breath back.
The quokka closely misses you. The river rat barely misses you.
The quokka bites you but does no damage.
2827 ||| INVOKING Spit Poison.
Aiming: Spit Poison (1% risk of failure)
Press: ? - help, Shift-Dir - straight line, f/p - river rat The splash of poison misses the river rat.
The quokka closely misses you. The rat bites you but does no damage.
The river rat closely misses you.
You shoot an arrow.
The arrow hits Eustachio but does no damage.
Eustachio is moderately wounded.
Eustachio barely misses you.
The quokka bites you but does no damage.
The rat barely misses you.
The river rat bites you but does no damage.
You shoot an arrow. The arrow barely misses Eustachio.
Eustachio mumbles some strange words.
The quokka bites you. The river rat barely misses you.
The rat barely misses you.
Eustachio hits you with a +1 rapier of venom.
The quokka barely misses you.
You shoot an arrow. The arrow closely misses Eustachio.
The arrow hits the river rat.
The river rat is heavily wounded.
The rat bites you but does no damage. The river rat barely misses you.
The quokka bites you.
Eustachio hits you with a +1 rapier of venom.
You are lethally poisoned!
You shoot an arrow. The arrow hits Eustachio.
Eustachio is moderately wounded.
You die...

##### #) ## #...# #.
... #...###. ....
#....... ...r######
#....... .........#
###....... .........#
#......... #...@r.#
#.#...#### #..5r@.#
#.#.......
##...r..######.#.......
#.......#....#.#.##..^.
#......................
#.......#....#.#.##....
###..####....#.#.##.###
#>............#.##.#
#.######....###.##.# #.
#....# #<##)#


You could see Eustachio, 2 river rats, a white imp (summoned), a quokka
(summoned) and a rat (summoned).

Vanquished Creatures
  2 scorpions
  An orc wizard (D:4)
  8 adders
  A worm (D:4)
  8 orcs (D:4)
  9 bats
  5 endoplasms
  3 giant cockroaches
  4 goblins
  8 hobgoblins
  A quokka (D:3)
  6 ball pythons
  2 frilled lizards (D:1)
  5 kobolds
  6 rats
69 creatures vanquished.

Notes
Turn   | Place    | Note
-------+----------+-------------------------------------------
     0 | D:1      | qw the Naga Hunter began the quest for the Orb.
     0 | D:1      | Reached XP level 1. HP: 19/19 MP: 1/1
     0 | D:1      | 0 ||| qw: Version: 0.2-a-29-g511e9b1
     0 | D:1      | 0 ||| qw: Game counter: 83
     0 | D:1      | 0 ||| qw: Always use a shield: true
     0 | D:1      | 0 ||| qw: God list: Okawaru
     0 | D:1      | 0 ||| qw: Allow faded altars: false
     0 | D:1      | 0 ||| qw: Do Orc after D:15 true
     0 | D:1      | 0 ||| qw: Do second Lair branch before Depths: true
     0 | D:1      | 0 ||| qw: Lair rune preference: random
     0 | D:1      | 0 ||| qw: Plans: Normal
     0 | D:1      | 0 ||| PLANNING D:1-11
    17 | D:1      | 17 ||| INVOKING Spit Poison.
    83 | D:1      | 83 ||| INVOKING Spit Poison.
   100 | D:1      | 100 ||| INVOKING Spit Poison.
   118 | D:1      | 118 ||| INVOKING Spit Poison.
   174 | D:1      | 174 ||| INVOKING Spit Poison.
   176 | D:1      | Reached skill level 4 in Ranged Weapons
   176 | D:1      | Reached XP level 2. HP: 26/26 MP: 2/2
   200 | D:1      | 200 ||| INVOKING Spit Poison.
   228 | D:1      | 228 ||| INVOKING Spit Poison.
   267 | D:1      | 267 ||| INVOKING Spit Poison.
   270 | D:1      | 270 ||| INVOKING Spit Poison.
   274 | D:1      | 274 ||| INVOKING Spit Poison.
   291 | D:1      | 291 ||| INVOKING Spit Poison.
   297 | D:1      | 297 ||| INVOKING Spit Poison.
   303 | D:1      | 303 ||| INVOKING Spit Poison.
   337 | D:1      | 337 ||| INVOKING Spit Poison.
   353 | D:1      | 353 ||| INVOKING Spit Poison.
   499 | D:1      | 499 ||| INVOKING Spit Poison.
   515 | D:1      | 515 ||| INVOKING Spit Poison.
   579 | D:1      | 579 ||| READING scroll labelled HACI NULAPE.
   580 | D:1      | 580 ||| READING scroll labelled ZAITWUUMODD.
   581 | D:1      | 581 ||| DROPPING scroll of butterflies.
   616 | D:2      | 616 ||| INVOKING Spit Poison.
   650 | D:2      | Found Viog's Magic Scroll Shop.
   659 | D:2      | 659 ||| SHOPLISTING 3 scrolls of teleportation (126 gold,
                  | have 8).
   659 | D:2      | 659 ||| SHOPLISTING scroll of brand weapon (133 gold, have
                  | 8).
   659 | D:2      | 659 ||| SHOPLISTING scroll of identify (28 gold, have 8).
   678 | D:2      | Reached XP level 3. HP: 32/32 MP: 3/3
   700 | D:2      | 700 ||| INVOKING Spit Poison.
   705 | D:2      | 705 ||| INVOKING Spit Poison.
   708 | D:2      | 708 ||| INVOKING Spit Poison.
   738 | D:2      | Found Mafuabap's Distillery.
   742 | D:2      | Found Amiteg's Assorted Antiques.
   747 | D:2      | 747 ||| SHOPLISTING potion of heal wounds (65 gold, have
                  | 57).
   747 | D:2      | 747 ||| SHOPLISTING potion of mutation (104 gold, have 57).
   752 | D:2      | 752 ||| BUYING emerald potion (17 gold).
   752 | D:2      | Bought an emerald potion for 17 gold pieces
   752 | D:2      | 752 ||| BUYING purple potion (17 gold).
   752 | D:2      | Bought a purple potion for 17 gold pieces
   768 | D:2      | Noticed a scorpion
   771 | D:2      | 771 ||| INVOKING Spit Poison.
   775 | D:2      | Killed a scorpion
   776 | D:2      | Reached skill level 5 in Ranged Weapons
   776 | D:2      | Reached XP level 4. HP: 39/39 MP: 4/4
   860 | D:2      | 860 ||| INVOKING Spit Poison.
   865 | D:2      | 865 ||| INVOKING Spit Poison.
   911 | D:2      | Found a faded altar of an unknown god.
   915 | D:2      | 915 ||| INVOKING Spit Poison.
   932 | D:2      | Found Vetwung's Antique Weapon Shop.
  1034 | D:2      | Found Tasafuut's Antique Armour Shop.
  1067 | D:2      | 1067 ||| UPGRADING to +1 cloak.
  1072 | D:2      | 1072 ||| UPGRADING to +0 pair of gloves.
  1077 | D:2      | 1077 ||| READING 2 scrolls labelled ZABULI RUSTU.
  1078 | D:2      | 1078 ||| READING scroll labelled LOPROPR JI ASOI.
  1081 | D:2      | 1081 ||| DRINKING 3 purple potions.
  1082 | D:2      | 1082 ||| DRINKING 2 emerald potions.
  1139 | D:3      | Found a shimmering blue altar of Sif Muna.
  1142 | D:3      | Found a hide-covered altar of Uskayaw.
  1149 | D:3      | Found an iron altar of Okawaru.
  1150 | D:3      | 1150 ||| PLANNING OKAWARU WORSHIP
  1150 | D:3      | 1150 ||| READING scroll labelled HOMAFEC DUOCS.
  1253 | D:3      | Found a burning altar of Makhleb.
  1255 | D:3      | Became a worshipper of Warmaster Okawaru
  1256 | D:3      | 1256 ||| PLANNING D:1-11
  1257 | D:3      | Found an ancient bone altar of Kikubaaqudgha.
  1260 | D:3      | 1260 ||| INVOKING Spit Poison.
  1269 | D:3      | Found a stormy altar of Qazlal.
  1438 | D:3      | 1438 ||| INVOKING Spit Poison.
  1440 | D:3      | Reached XP level 5. HP: 46/46 MP: 5/5
  1550 | D:3      | 1550 ||| INVOKING Spit Poison.
  1563 | D:3      | 1563 ||| INVOKING Spit Poison.
  1783 | D:3      | 1783 ||| INVOKING Spit Poison.
  1861 | D:3      | 1861 ||| INVOKING Spit Poison.
  1913 | D:3      | 1913 ||| INVOKING Spit Poison.
  1918 | D:3      | 1918 ||| INVOKING Spit Poison.
  2006 | D:3      | 2006 ||| READING 4 scrolls labelled SOOFAKIZENE.
  2007 | D:3      | 2007 ||| READING scroll labelled VOAGAR YBLOR.
  2008 | D:3      | 2008 ||| READING scroll labelled DUTU LIKUDUGIST.
  2009 | D:3      | 2009 ||| DROPPING 3 scrolls of blinking.
  2019 | D:4      | 2019 ||| INVOKING Spit Poison.
  2023 | D:4      | 2023 ||| INVOKING Spit Poison.
  2026 | D:4      | Reached skill level 3 in Fighting
  2032 | D:4      | 2032 ||| INVOKING Spit Poison.
  2053 | D:4      | 2053 ||| INVOKING Spit Poison.
  2057 | D:4      | 2057 ||| INVOKING Spit Poison.
  2084 | D:4      | 2084 ||| INVOKING Spit Poison.
  2112 | D:4      | 2112 ||| INVOKING Spit Poison.
  2119 | D:4      | 2119 ||| INVOKING Spit Poison.
  2125 | D:4      | 2125 ||| INVOKING Spit Poison.
  2130 | D:4      | Reached skill level 6 in Ranged Weapons
  2157 | D:4      | 2157 ||| INVOKING Spit Poison.
  2172 | D:4      | 2172 ||| INVOKING Spit Poison.
  2173 | D:4      | Reached XP level 6. HP: 56/56 MP: 6/6
  2224 | D:4      | 2224 ||| INVOKING Spit Poison.
  2233 | D:4      | 2233 ||| INVOKING Spit Poison.
  2257 | D:4      | 2257 ||| INVOKING Spit Poison.
  2451 | D:4      | 2451 ||| INVOKING Spit Poison.
  2534 | D:4      | 2534 ||| INVOKING Spit Poison.
  2538 | D:4      | 2538 ||| INVOKING Spit Poison.
  2544 | D:4      | 2544 ||| INVOKING Spit Poison.
  2579 | D:4      | 2579 ||| INVOKING Spit Poison.
  2800 | D:4      | Noticed Eustachio
  2801 | D:4      | 2801 ||| INVOKING Spit Poison.
  2806 | D:4      | 2806 ||| INVOKING Spit Poison.
  2813 | D:4      | 2813 ||| INVOKING Spit Poison.
  2820 | D:4      | 2820 ||| INVOKING Spit Poison.
  2827 | D:4      | 2827 ||| INVOKING Spit Poison.
  2829 | D:4      | HP: 11/57 [Eustachio/+1 rapier of venom (6)]
  2830 | D:4      | HP: 4/57 [Eustachio/+1 rapier of venom (6)]
  2831 | D:4      | Succumbed to Eustachio's poison

Levels and vault maps discovered:
D:1:      mrwooster_arrival_statue_3, layout_loops_ring, feat_on_display
D:2:      layout_rooms, serial_shops, shop, shop, shop, shop,
          nicolae_diamond_shop, hellmonk_ecumenical_altar_run_dry,
          serial_bayou_pond_a
D:3:      layout_basic, nicolae_overflow_hallway_of_the_gods, corexii_shack
D:4:      layout_basic, amcnicky_mini_rare_corridor_liquid, chequers_arboretum,
          uniq_eustachio

Skill      XL: |  1  2  3  4  5 |
---------------+----------------+-----
Ranged Weapons | 4 5 6 |  6.0
Fighting       | 3 |  3.8
Dodging        | |  1.5
Stealth        | |  1.5

Action                     |  1- 3 |  4- 6 || total
---------------------------+-------+-------++-------
   Fire: Shortbow          |    51 |   128 ||   179
Ability: Spit Poison       |    22 |    35 ||    57
    Use: Scroll            |     2 |     6 ||     8
         Potion            |       |     2 ||     2
 Armour: Leather armour    |     8 |    38 ||    46
  Dodge: Dodged            |    17 |    31 ||    48

Table legend:
 A = Non-vault XP
 B = Vault XP
 C = Vault XP percentage of total XP
 D = Non-vault monster count
 E = Vault monster count
 F = Vault count percentage of total count
                 A         B        C        D         E       F
            +---------+---------+-------+---------+---------+-------
      Total |     409 |       2 |   0.5 |      68 |       1 |   1.4
            +---------+---------+-------+---------+---------+-------
        D:1 |      26 |       0 |   0.0 |      18 |       0 |   0.0
        D:2 |     134 |       0 |   0.0 |      13 |       0 |   0.0
        D:3 |      38 |       2 |   5.0 |      11 |       1 |   8.3
        D:4 |     211 |       0 |   0.0 |      26 |       0 |   0.0
            +---------+---------+-------+---------+---------+-------
